 Dungeon Crawl Stone Soup version 0.30-a0-760-g5a9884bb7c (webtiles) character file.

Game seed: 3135356326445540959

259 jimonade the Magician (level 6, 0/41 HPs)
             Began as a Djinni Venom Mage on Feb 10, 2023.
             Frozen to death by an endoplasm (6 damage)
             ... on level 3 of the Dungeon.
             The game lasted 00:05:06 (1995 turns).

jimonade the Magician (Djinni Venom Mage)           Turns: 1995, Time: 00:05:06

Health: 0/41       AC:  2    Str:  9    XL:     6   Next: 40%
Gold:   140        EV: 12    Int: 17    God:
                   SH:  0    Dex: 13

rFire   + + .      SeeInvis .    a - +2 dagger (elec)
rCold   x . .      Faith    .    (no shield)
rNeg    . . .      Spirit   .    f - +0 robe
rPois   ∞          Reflect  .    (no helmet)
rElec   .          Harm     .    (no cloak)
rCorr   .          Rampage  .    (no gloves)
Will    .....                    (boots unavailable)
Stlth   ++                       (no amulet)
HPRegen 0.26/turn                (no ring)
MPRegen 0.00/turn                (no ring)

@: flying, very slightly contaminated
A: sickness immunity, fire resistance 2, cold vulnerability 1, float, innate
caster, HP casting, extra vitality 1
a: no special abilities


You were on level 3 of the Dungeon.
You visited 1 branch of the dungeon, and saw 3 of its levels.

You collected 140 gold pieces.

Inventory:

Hand Weapons
 a - a +2 dagger of electrocution (weapon)
Missiles
 c - 3 boomerangs
Armour
 f - a +0 robe (worn)
 h - a +0 scale mail
 j - a +0 kite shield
 n - a +0 chain mail
Scrolls
 d - 2 scrolls of identify {unknown}
 e - a scroll of summoning {unknown}
 m - a scroll of vulnerability {unknown}
Potions
 b - a potion of magic
 g - 2 potions of curing {unknown}
 i - 3 potions of heal wounds {unknown}
 k - a potion of lignification {unknown}
 l - a potion of ambrosia {unknown}


   Skills:
 + Level 0.7 Fighting
 + Level 2.3 Dodging
 - Level 1.5 Stealth
 * Level 5.1 Spellcasting


You had 2 spell levels left.
You knew the following spells:

 Your Spells              Type           Power      Damage    Failure   Level
a - Sting                 Tmut/Pois      84%        1d7       1%          1
b - Poisonous Vapours     Pois/Air       42%        N/A       2%          2
c - Mephitic Cloud        Conj/Pois/Air  21%        N/A       5%          3
d - Olgreb's Toxic Radia  Pois           21%        N/A       17%         4
e - Kiss of Death         Conj/Necr      84%        2d11      1%          1
f - Passwall              Tmut/Erth      17%        N/A       2%          2
Your spell library was empty.

Dungeon Overview and Level Annotations

Branches:
Dungeon (3/15)

Altars:

Annotations:
D:2 1 runed translucent door, exclusions: downstairs and 1 more exclusion, Crazy Yiuf


Innate Abilities, Weirdness & Mutations

You are immune to sickness and miasma.
You are immune to poison.
Your flesh is very heat resistant. (rF++)
You are vulnerable to cold. (rC-)
You float through the air rather than walking.
You learn spells naturally, not from books.
Your magical power is your life essence.
You have superior vitality. (+4 MHP)


Message History

You kill the orc!
You kill the orc!
There is a stone staircase leading down here.
You feel a bit more experienced. x2
Your Spellcasting skill increases to level 5!
There is a stone staircase leading up here.
The sting hits the endoplasm.
The endoplasm partially resists.
The endoplasm is lightly wounded.
The endoplasm hits you.
The sting hits the endoplasm.
The endoplasm partially resists.
The endoplasm is moderately wounded.
The endoplasm freezes you.
You are frozen!
You feel a terrible chill!
You are too injured to fight recklessly!
You are too injured to fight recklessly!
Aiming: Sting (safe; 1% risk of failure)
Press: ? - help, Q - select action, (/) - cycle Shift-Dir - straight line, f/p - endoplasm
Aim: an endoplasm (moderately wounded, 98% to hit)
The sting hits the endoplasm.
The endoplasm partially resists.
The endoplasm is heavily wounded.
The endoplasm hits you.
Aiming: Sting (safe; 1% risk of failure)
Press: ? - help, Q - select action, (/) - cycle Shift-Dir - straight line, f/p - endoplasm
Aim: an endoplasm (heavily wounded, 98% to hit)
The sting hits the endoplasm.
The endoplasm partially resists.
The endoplasm is severely wounded.
* * * LOW HITPOINT WARNING * * *
The endoplasm closely misses you.
Aiming: Sting (safe; 1% risk of failure)
Press: ? - help, Q - select action, (/) - cycle Shift-Dir - straight line, f/p - endoplasm
Aim: an endoplasm (heavily wounded, 98% to hit)
The sting hits the endoplasm.
The endoplasm partially resists.
The endoplasm is almost dead.
* * * LOW HITPOINT WARNING * * *
The endoplasm freezes you.
You are frozen.
You feel a terrible chill!
* * * LOW HITPOINT WARNING * * *
The endoplasm freezes you.
You are frozen.
You feel a terrible chill!
You die...

##### ### #...# ..#
#.#.## ... +# #..#.##
#.# ... #@###.# #.#
o... #.J#..###.#
.....
####.#o..o##.#).....
......(.>..)..oo..?..
########...####))....
##.## ..... ...# ....
###.# ... ... +#


You could see an orc wizard and an endoplasm.

Vanquished Creatures
  Sigmund (D:2)
  An orc priest (D:3)
  2 gnolls
  An adder (D:2)
  8 orcs
  A ball python (D:2)
  4 endoplasms
  2 giant cockroaches (D:2)
  3 goblins
  7 hobgoblins
  2 kobolds (D:2)
  A quokka (D:2)
  3 bats
  2 frilled lizards
  3 rats
41 creatures vanquished.

Notes
Turn   | Place    | Note
-------+----------+-------------------------------------------
     0 | D:1      | jimonade the Djinni Venom Mage began the quest for the Orb.
     0 | D:1      | jimonade set off with the following spells memorised:
                  | Sting, Poisonous Vapours, Mephitic Cloud, Olgreb's Toxic
                  | Radiance.
     0 | D:1      | Reached XP level 1. HP: 15/15 MP: 0/0
   177 | D:1      | Reached skill level 3 in Spellcasting
   177 | D:1      | Reached XP level 2. HP: 16/21 MP: 0/0
   356 | D:1      | Reached XP level 3. HP: 23/25 MP: 0/0
   356 | D:1      | Learned a level 1 spell: Kiss of Death
  1038 | D:2      | Reached XP level 4. HP: 25/31 MP: 0/0
  1041 | D:2      | Noticed Sigmund
  1057 | D:2      | Killed Sigmund
  1058 | D:2      | Reached skill level 4 in Spellcasting
  1058 | D:2      | Reached XP level 5. HP: 11/35 MP: 0/0
  1058 | D:2      | Learned a level 2 spell: Passwall
  1058 | D:2      | Reached XP level 6. HP: 12/40 MP: 0/0
  1374 | D:2      | Found a runed translucent door.
  1375 | D:2      | Noticed Crazy Yiuf
  1988 | D:3      | Reached skill level 5 in Spellcasting
  1995 | D:3      | Frozen to death by an endoplasm

Illustrated notes

Levels and vault maps discovered:
D:1:      amcnicky_arrival_single_pillar, layout_rooms, minivault_14
D:2:      layout_basic, uniq_sigmund, uniq_crazy_yiuf_cottage
D:3:      layout_loops_corners, minitemple, pdpol_wu_jian_five_deadly_venoms

Skill      XL: |  1  2  3  4  5  6 |
---------------+-------------------+-----
Spellcasting   | 3 4 5 |  5.1
Fighting       | |  0.7
Dodging        | |  2.3
Stealth        | |  1.5

Action                     |  1- 3 |  4- 6 || total
---------------------------+-------+-------++-------
   Cast: Sting             |    41 |    14 ||    55
         Poisonous Vapours |    17 |    11 ||    28
         Olgreb's Toxic Ra |       |     1 ||     1
 Armour: Robe              |     9 |     1 ||    10
  Dodge: Dodged            |    18 |     4 ||    22

Table legend: (Time is in decaauts)
 A = Elapsed time spent in this place.
 B = Non-inter-level travel time spent in this place.
 C = Inter-level travel time spent in this place.
 D = Time resting spent in this place.
 E = Time spent auto-exploring this place.
 F = Levels seen in this place.
 G = Mean time per level.
                   A        B        C        D        E       F      G
               +--------+--------+--------+--------+--------+-----+--------+
         Total |   1992 |   1865 |    127 |    361 |   1144 |   3 |  664.0 |
       Dungeon |   1992 |   1865 |    127 |    361 |   1144 |   3 |  664.0 |
               +--------+--------+--------+--------+--------+-----+--------+

Top non-repeatable levels by time:
     D:2: 1345 daAuts
     D:1: 611 daAuts
     D:3: 36 daAuts
